 Dungeon Crawl Stone Soup version 0.21-a0-215-g0631661 (webtiles) character file.

14378 KristoblXynda the Protected (level 12, -3/103 HPs)
             Began as a Hill Orc Gladiator on Aug 22, 2017.
             Was an Elder of Beogh.
             Slain by an ice dragon (4 damage)
             ... in an ice cave.
             The game lasted 00:24:21 (12494 turns).

KristoblXynda the Protected (Hill Orc Gladiator)   Turns: 12494, Time: 00:24:23

Health: -3/103     AC: 12    Str: 27    XL:     12   Next: 15%
Magic:  19/19      EV: 11    Int: 10    God:    Beogh [****..]
Gold:   817        SH: 12    Dex: 15    Spells: 11/11 levels left

rFire    + . .     SeeInvis +   v - +1 war axe (vamp)
rCold    + . .     Gourm    .   M - +0 shield
rNeg     . . .     Faith    .   R - +1 ring mail of Miracles {MR+ Dex+3}
rPois    .         Spirit   .   c - +0 helmet
rElec    .         Reflect  .   a - scarf {rC+ rF+}
rCorr    .         Harm     .   (no gloves)
MR       +....                  b - +1 pair of boots {Stlth+}
Stlth    ++........             h - amulet of regeneration
HPRegen  0.67/turn              I - ring of see invisible
MPRegen  0.16/turn              n - +2 ring of strength

@: mighty, berserk cooldown, slowed, very slow
A: no striking features
a: Smiting, Recall Orcish Followers, Renounce Religion


You were in an ice cave.
You worshipped Beogh.
Beogh was greatly pleased with you.
You were not hungry.

You visited 2 branches of the dungeon, and saw 13 of its levels.
You also visited: Ice Cave.

You collected 817 gold pieces.

Inventory:

Hand Weapons
 v - a +1 vampiric war axe (weapon)
Missiles
 d - 3 throwing nets (quivered)
Armour
 a - a scarf of resistance (worn)
 b - a +1 pair of boots of stealth (worn)
 c - a +0 helmet (worn)
 M - a +0 shield (worn)
 R - the +1 ring mail of Miracles (worn) {MR+ Dex+3}
   (You found it on level 9 of the Dungeon)

   It affects your dexterity (+3).
   It affects your resistance to hostile enchantments.
Jewellery
 h - an amulet of regeneration (around neck)
 n - a +2 ring of strength (right hand)
 z - an uncursed ring of positive energy
 A - an uncursed ring of poison resistance
 E - a +3 ring of evasion
 G - a +3 ring of dexterity
 I - a ring of see invisible (left hand)
 K - an uncursed ring of flight
Wands
 u - a wand of digging (9/24)
 L - a wand of lightning (1/15)
Scrolls
 e - 7 scrolls of teleportation
 k - 5 scrolls of remove curse
 m - 5 scrolls of blinking
 x - 2 scrolls of fog
 B - 3 scrolls of fear
 C - 2 scrolls of immolation
Potions
 g - a potion of might
 i - 3 potions of brilliance
 j - a potion of ambrosia
 l - 2 potions of flight
 o - 4 potions of curing
 p - 4 potions of lignification
 q - 2 potions of haste
 w - a potion of agility {unknown}
 H - a potion of magic {unknown}
Books
 t - Jessica's Catalogue of the Compass
   (You found it on level 2 of the Dungeon)

   Spells                             Type                      Level
   a - Blink                          Translocation                2
 J - a book of Power

   Spells                             Type                      Level
   a - Iskenderun's Battlesphere      Conjuration/Charms           5
   b - Venom Bolt                     Conjuration/Poison           5
   c - Bolt of Magma                  Conjuration/Fire/Earth       5
   d - Iron Shot                      Conjuration/Earth            6
   e - Orb of Destruction             Conjuration                  7
   f - Spellforged Servitor           Conjuration/Summoning        7
Comestibles
 f - 6 bread rations
 s - 4 fruits
 D - 4 meat rations
 N - 3 royal jellies


   Skills:
 + Level 8.3 Fighting
 - Level 10.1 Axes
 - Level 2.0 Throwing
 - Level 10.7 Armour
 - Level 2.4 Dodging
 + Level 8.2 Shields
 - Level 10.2 Invocations
 + Level 8.1 Evocations


You had 11 spell levels left.
You didn't know any spells.

Dungeon Overview and Level Annotations

Branches:
Dungeon (12/15)            Temple (0/1) D:5            Lair (1/6) D:8
    Orc (0/2) D:9

Altars:
Ashenzari
Cheibriados
Dithmenos
Elyvilon
Fedhas
Gozag
Hepliaklqana
Kikubaaqudgha
Nemelex Xobeh
Qazlal
Ru
Sif Muna
Trog
Wu Jian
Yredelemnul
Zin
The Shining One

Shops:
D:11 (


Message History

You are exhausted.
You feel yourself slow down. The ice dragon breathes frost at you.
The blast of cold hits you! You resist.
* * * LOW HITPOINT WARNING * * *
Okay, then.
Evoke which item? (* to show all) (? for menu, Esc to quit)
Okay, then.
Evoke which item? (* to show all) (? for menu, Esc to quit)
Aiming: Lightning Bolt (will waste charges)
Press: ? - help, Shift-Dir - straight line, f - ice dragon
Aim: an ice dragon (almost dead, catching its breath)
You hear a mighty clap of thunder!
The bolt of lightning misses the ice dragon.
Evoking this partially-identified wand wasted a few charges.
Your skill with magical items lets you calculate the power of this device...
This wand has 1 charge left.
The ice dragon bites you!
* * * LOW HITPOINT WARNING * * *
You block the ice dragon's attack. The ice dragon tramples you.
You die...

########
####@D....####
##......#.....#
#...##.###......#
#####..###
......= #...##.#
$.....= ##.#....#
$$.."$$
##..###.##
$$$$$##..#
####..## ###
######≈#.#
####....##
≈≈≈≈≈≈#


You could see an ice dragon.

Vanquished Creatures
  An ice dragon (IceCv)
  A two-headed ogre (D:10)
  2 unseen horrors (D:11)
  A wizard (D:7)
  An ugly thing (D:12)
  2 ice statues (IceCv)
  Joseph (D:8)
  2 centaur skeletons
  4 rime drakes
  A spiny frog (Lair:1)
  A troll (D:11)
  Prince Ribbit (D:7)
  A hippogriff (D:7)
  Sigmund (D:4)
  8 yaks (D:9)
  4 hogs (D:8)
  A human (D:8)
  Duvessa (D:6)
  A water moccasin (D:6)
  15 ice beasts
  3 orc warriors
  3 sky beasts
  A black bear (D:8)
  4 necrophages (D:6)
  2 ogres (D:6)
  A phantom (D:5)
  2 centaurs
  A crocodile (D:11)
  4 bullfrogs
  2 big kobolds (D:11)
  A gnoll sergeant (D:9)
  A wyvern zombie (D:6)
  4 scorpions
  A water moccasin skeleton (D:4)
  Dowan (D:6)
  3 killer bees (D:11)
  5 howler monkeys
  3 crimson imps
  2 quasits
  A centaur zombie (D:12)
  6 hounds
  5 orc priests
  6 orc wizards
  A jelly (D:11)
  10 worker ants
  Jessica (D:2)
  Natasha (thrice) (D:2)
  Terence (D:2)
  4 iguanas
  A hound zombie (D:5)
  Robin (D:4)
  A worker ant zombie (D:6)
  16 gnolls
  11 adders
  A shadow imp (D:10)
  A white imp (D:7)
  2 oozes
  2 adder skeletons
  An adder zombie (D:6)
  7 worms
  6 leopard geckos
  42 orcs
  7 giant cockroaches
  17 goblins
  16 hobgoblins
  7 jackals
  5 quokkas
  2 ball pythons (D:1)
  9 bats
  7 frilled lizards
  A goblin skeleton (D:7)
  A goblin zombie (D:7)
  4 hobgoblin zombies (D:7)
  A jackal zombie (D:6)
  16 kobolds
  6 kobold skeletons (D:7)
  A kobold zombie (D:7)
  An orc skeleton (D:7)
  An orc zombie (D:7)
  3 quokka skeletons
  A quokka zombie (D:8)
  9 rats
  4 bushes (D:6)
343 creatures vanquished.

Vanquished Creatures (collateral kills)
  An orc wizard (D:11)
1 creature vanquished.

Vanquished Creatures (others)
  An orc priest (D:6)
  5 orcs
  2 bushes (D:6)
  11 plants (D:6)
19 creatures vanquished.

Grand Total: 363 creatures vanquished

Notes
Turn   | Place    | Note
-------+----------+-------------------------------------------
     0 | D:1      | KristoblXynda the Hill Orc Gladiator began the quest for the Orb.
     0 | D:1      | Reached XP level 1. HP: 18/18 MP: 1/1
    94 | D:1      | Reached XP level 2. HP: 20/25 MP: 2/2
   446 | D:1      | Reached skill level 1 in Armour
  1075 | D:2      | Reached XP level 3. HP: 19/30 MP: 3/3
  1384 | D:2      | Reached skill level 5 in Axes
  1456 | D:2      | Noticed Terence
  1492 | D:2      | Killed Terence
  1492 | D:2      | Reached XP level 4. HP: 19/37 MP: 4/4
  2000 | D:2      | Reached XP level 5. HP: 37/42 MP: 5/5
  2096 | D:2      | Found a bloodstained altar of Trog.
  2168 | D:2      | Noticed Natasha
  2172 | D:2      | Killed Natasha
  2204 | D:2      | Noticed Jessica
  2211 | D:2      | Killed Jessica
  2216 | D:2      | Identified Jessica's Catalogue of the Compass
  2273 | D:2      | Noticed Natasha
  2284 | D:2      | Killed Natasha
  2506 | D:2      | Noticed Natasha
  2515 | D:2      | Killed Natasha
  2515 | D:2      | Reached XP level 6. HP: 21/50 MP: 6/6
  3549 | D:4      | Noticed Sigmund
  3562 | D:4      | Killed Sigmund
  3562 | D:4      | Reached XP level 7. HP: 56/56 MP: 7/7
  3572 | D:4      | Found an ornate altar of the Wu Jian Council.
  3573 | D:4      | Noticed Robin
  3588 | D:4      | Killed Robin
  3765 | D:4      | Reached skill level 5 in Armour
  3772 | D:4      | Found a sparkling altar of Nemelex Xobeh.
  3904 | D:4      | Found a hazy altar of Hepliaklqana.
  3904 | D:4      | Found a snail-covered altar of Cheibriados.
  4158 | D:5      | Entered Level 5 of the Dungeon
  4306 | D:5      | Found a staircase to the Ecumenical Temple.
  4362 | D:5      | Reached skill level 10 in Axes
  4362 | D:5      | Reached XP level 8. HP: 62/62 MP: 8/8
  4537 | D:5      | Found an opulent altar of Gozag.
  4635 | D:5      | Reached skill level 1 in Shields
  4823 | D:5      | Found a white marble altar of Elyvilon.
  5002 | D:5      | Found a deep blue altar of Sif Muna.
  5047 | D:5      | Found an ancient bone altar of Kikubaaqudgha.
  5347 | D:6      | Found a sacrificial altar of Ru.
  5402 | D:6      | Noticed Dowan
  5414 | D:6      | Noticed Duvessa
  5600 | D:6      | Became a worshipper of Beogh the Brigand
  5607 | D:6      | Killed Dowan
  5618 | D:6      | Reached skill level 5 in Fighting
  5618 | D:6      | Reached XP level 9. HP: 42/74 MP: 9/9
  5626 | D:6      | Killed Duvessa
  5930 | D:6      | Found a blossoming altar of Fedhas.
  6140 | D:6      | Reached skill level 5 in Shields
  6345 | D:7      | Reached * piety under Beogh
  6524 | D:7      | Found a bloodstained altar of Trog.
  6525 | D:7      | Noticed a wizard
  6544 | D:7      | Killed a wizard
  6845 | D:7      | Noticed Prince Ribbit
  6849 | D:7      | Reached skill level 1 in Evocations
  6937 | D:7      | Found a glowing golden altar of the Shining One.
  6945 | D:7      | Reached ** piety under Beogh
  6996 | D:7      | Reached XP level 10. HP: 81/86 MP: 11/13
  7101 | D:7      | Killed Prince Ribbit
  7267 | D:8      | Found a shadowy altar of Dithmenos.
  7268 | D:8      | Found a glowing silver altar of Zin.
  7271 | D:8      | Found a shattered altar of Ashenzari.
  7293 | D:8      | Found a staircase to the Lair.
  7322 | D:8      | Noticed Joseph
  7338 | D:8      | Killed Joseph
  7338 | D:8      | Reached skill level 5 in Invocations
  7876 | Lair:1   | Entered Level 1 of the Lair of Beasts
  7876 | Lair:1   | Noticed a spiny frog
  7877 | Lair:1   | Killed a spiny frog
  7947 | D:9      | Found a basalt altar of Yredelemnul.
  8019 | D:9      | Found a staircase to the Orcish Mines.
  8160 | D:9      | Found a stormy altar of Qazlal.
  8181 | D:9      | Got a faintly humming ring mail
  8216 | D:9      | Identified the cursed +1 ring mail of Miracles {MR+ Dex+3} (You found it on level 9 of the Dungeon)
  8261 | D:9      | Reached *** piety under Beogh
  8261 | D:9      | Reached skill level 10 in Armour
  8510 | D:9      | Reached skill level 5 in Evocations
  8522 | D:9      | Reached XP level 11. HP: 50/92 MP: 17/17
  9191 | D:10     | Entered Level 10 of the Dungeon
  9247 | D:10     | Noticed a two-headed ogre
  9415 | D:10     | HP: 1/92 [two-headed ogre/giant club (20)]
  9418 | D:10     | Killed a two-headed ogre
 10243 | D:11     | Noticed an unseen horror
 10265 | D:11     | Killed an unseen horror
 10502 | D:11     | Noticed an eight-headed hydra
 10782 | D:11     | Reached **** piety under Beogh
 10852 | D:11     | Noticed an unseen horror
 10856 | D:11     | Killed an unseen horror
 11077 | D:11     | Found Nanoh's Antique Weapon Shoppe.
 11268 | D:12     | Noticed a white ugly thing
 11280 | D:12     | Killed a white ugly thing
 11296 | D:12     | Found a frozen archway.
 11306 | D:12     | Reached skill level 10 in Invocations
 11334 | IceCv    | Entered an ice cave
 12255 | IceCv    | Reached XP level 12. HP: 94/101 MP: 19/19
 12463 | IceCv    | Noticed an ice dragon
 12467 | IceCv    | Noticed an ice dragon
 12490 | IceCv    | Killed an ice dragon
 12494 | IceCv    | HP: 1/103 [ice dragon (9)]
 12494 | IceCv    | Slain by an ice dragon

Vault maps used:
D:1:      scummos_arrival_simple_crosswalls
D:2:      nicolae_overflow_hidden_temple, kennysheep_jessica_study,
          uniq_terence, uniq_natasha
D:3:      dk_noncrumbling_4, grunt_ministairs_7
D:4:      kennysheep_little_box, nicolae_overflow_crystal_walls,
          gammafunk_temple_overflow_wave, first_bread, uniq_sigmund, uniq_robin
D:5:      kiku_gazebo_pond_becter, overflow_temple_1_default,
          lemuel_round_altar, marbit_many_paths, minmay_temple_entry_trees
D:6:      old_standard_altar, serial_bayou_pond_a, fedhas_altar_decomposition,
          uniq_duvessa
D:7:      nicolae_tso_besieged_by_evil, trog_wizard, uniq_prince_ribbit1
D:8:      grunt_temple_overflow_open, lair_entry_dummy, grunt_livestock,
          feat_on_display, uniq_joseph
D:9:      lemuel_round_altar, kennysheep_mini, orc_0_dummy
D:11:     serial_shops, kennysheep_mini_moat, minivault_25_ag
D:12:     portal_ice_cave_rime, lemuel_old_faithful
IceCv:    ice_cave_small_dragons

Skill      XL: |  1  2  3  4  5  6  7  8  9 10 11 12 |
---------------+-------------------------------------+-----
Throwing       | 2 |  2.0
Armour         | 1 2 3 4 5 7 8 10 | 10.7
Axes           | 5 6 7 8 10 | 10.1
Shields        | 3 5 7 8 |  8.2
Fighting       | 5 7 8 |  8.3
Invocations    | 4 8 10 | 10.2
Evocations     | 1 5 7 8 |  8.1
Dodging        | |  2.4

Action                   |  1- 3 |  4- 6 |  7- 9 | 10-12 || total
-------------------------+-------+-------+-------+-------++-------
Melee: War axe           |    75 |   188 |   162 |   541 ||   966
       Hand axe          |       |    30 |   202 |       ||   232
Throw: Throwing net      |     2 |       |       |       ||     2
Invok: Convert to Beogh  |       |       |     1 |       ||     1
Evoke: Wand              |       |       |     1 |     3 ||     4
  Use: Potion            |     1 |       |     2 |     3 ||     6
       Scroll            |       |    12 |     6 |    10 ||    28
 Stab: Held in net/web   |     1 |       |       |       ||     1
       Sleeping          |       |       |       |     2 ||     2
       Distracted        |       |       |       |     1 ||     1
  Eat: Bread ration      |     1 |       |       |     1 ||     2
       Chunk             |       |     3 |    10 |    13 ||    26
       Royal jelly       |       |     1 |       |     3 ||     4
       Meat ration       |       |       |     1 |       ||     1
       Fruit             |       |       |       |     3 ||     3
Armor: Leather armour    |    23 |     3 |       |       ||    26
       Chain mail        |       |   147 |   188 |    55 ||   390
       Ring mail         |       |       |       |   178 ||   178
Dodge: Dodged            |    55 |    99 |   185 |   212 ||   551
Block: Buckler           |       |       |    50 |    23 ||    73
       Shield            |       |       |       |   248 ||   248

Table legend:
 A = Spawn XP
 B = Non-spawn XP
 C = Spawn XP percentage of total XP
 D = Spawn monster count
 E = Non-spawn monster count
 F = Spawn count percentage of total count
 G = Total turns spent on level
                    A         B        C        D         E        F      G
               +---------+---------+-------+---------+---------+-------+---------
         Total |     874 |   19666 |   4.3 |      39 |     300 |  11.5 | 12494
               +---------+---------+-------+---------+---------+-------+---------
           D:1 |       3 |      26 |  10.3 |       2 |      15 |  11.8 |  1062
           D:2 |      17 |     303 |   5.3 |       7 |      34 |  17.1 |  1624
           D:3 |      13 |     174 |   7.0 |       5 |      31 |  13.9 |   764
           D:4 |     107 |     419 |  20.3 |       3 |      21 |  12.5 |   708
           D:5 |     158 |     557 |  22.1 |       9 |      24 |  27.3 |  1335
           D:6 |       4 |    1412 |   0.3 |       2 |      24 |   7.7 |   694
           D:7 |       7 |    1752 |   0.4 |       2 |      42 |   4.5 |   934
           D:8 |       1 |    1815 |   0.1 |       1 |      20 |   4.8 |   786
           D:9 |     156 |    2148 |   6.8 |       6 |      15 |  28.6 |  1281
          D:10 |       0 |    1320 |   0.0 |       0 |      11 |   0.0 |   842
          D:11 |     408 |    3222 |  11.2 |       2 |      38 |   5.0 |  1201
          D:12 |       0 |    1671 |   0.0 |       0 |       5 |   0.0 |   100
        Lair:1 |       0 |     382 |   0.0 |       0 |       1 |   0.0 |     3
         IceCv |       0 |    4465 |   0.0 |       0 |      19 |   0.0 |  1160
               +---------+---------+-------+---------+---------+-------+---------
